 Dungeon Crawl Stone Soup version 0.18.1-48-g4cf74bf (webtiles) character file.

159 Gargoyl the Skirmisher (level 5, -5/63 HPs)
             Began as a Demonspawn Abyssal Knight on Sept 7, 2016.
             Was a Priest of Lugonu.
             Slain by a centaur (7 damage)
             ... on level 3 of the Dungeon.
             The game lasted 00:05:33 (2508 turns).

Gargoyl the Skirmisher (Demonspawn Abyssal Knight)  Turns: 2508, Time: 00:05:33

Health: -5/63      AC: 11    Str: 18    XL:     5   Next: 17%
Magic:  6/6        EV:  6    Int: 14    God:    Lugonu [***...]
Gold:   144        SH:  0    Dex: 12    Spells: 0 memorised, 4 levels left

rFire  + . .     SeeInvis .     a - +1 hand axe
rCold  . . .     Gourm    .     p - +0 plate armour
rNeg   . . .     Faith    .     (no shield)
rPois  .         Spirit   .     (helmet restricted)
rElec  .         Dismiss  .     (no cloak)
rCorr  .         Reflect  .     (no gloves)
SustAt .         Harm     .     (no boots)
MR     .....                    g - amulet of regeneration
Stlth  ..........               (no ring)
                                t - ring of protection from fire

@: berserking, very quick, not resistant to hostile enchantments, extremely
unstealthy
A: antennae 1, nightstalker 2
a: Depart the Abyss, Bend Space, Banish, Renounce Religion


You were on level 3 of the Dungeon.
You worshipped Lugonu.
Lugonu was most pleased with you.
You were not hungry.

You visited 1 branch of the dungeon, and saw 3 of its levels.
You visited the Abyss 1 time.

You collected 144 gold pieces.

Inventory:

Hand Weapons
 a - a +1 hand axe (weapon)
Missiles
 h - 11 tomahawks (quivered)
 y - 3 silver tomahawks
Armour
 p - a +0 plate armour (worn)
Jewellery
 g - an amulet of regeneration (around neck)
 t - a ring of protection from fire (left hand)
 w - an uncursed ring of magical power {unknown}
Scrolls
 d - 2 scrolls of enchant armour {unknown}
 f - 2 scrolls of teleportation {unknown}
 i - 3 scrolls of magic mapping {unknown}
 l - 2 scrolls of identify {unknown}
 m - a scroll of remove curse {unknown}
 n - a scroll of recharging {unknown}
 o - a scroll of random uselessness {unknown}
 q - 2 scrolls of enchant weapon {unknown}
 x - a scroll of amnesia {unknown}
Potions
 b - a potion of mutation {unknown}
 e - 5 potions of curing
 j - a potion of berserk rage
 k - a potion of haste {unknown}
 r - a potion of degeneration {unknown}
 s - a potion of agility {unknown}
 u - a potion of might {unknown}
Comestibles
 c - 3 bread rations


   Skills:
 + Level 4.0 Fighting
 + Level 2.2 Axes
 * Level 3.5 Armour
 + Level 1.4 Dodging
 + Level 0.6 Stealth
 + Level 2.6 Invocations


You had 4 spell levels left.
You didn't know any spells.

Dungeon Overview and Level Annotations

Branches:
Dungeon (3/15)

Altars:
Nemelex Xobeh


Innate Abilities, Weirdness & Mutations

You have a pair of small antennae on your head.
You are significantly more attuned to the shadows.


Message History

The orc is moderately wounded.
The orc priest invokes the aid of Beogh against you.
Beogh smites you!
* * * LOW HITPOINT WARNING * * *
The orc priest miscasts a cantrip.
The centaur hits you but does no damage.
The orc hits you.
* * * LOW HITPOINT WARNING * * *
You are too berserk!
You hit the centaur.
The centaur is lightly wounded.
You slash the orc!
You kill the orc!
Lugonu accepts your kill. The centaur barely misses you.
Unknown command.
Your plate armour prevents you from hitting the centaur.
The centaur is lightly wounded.
You closely miss the orc priest. The centaur hits you!
You die...

...........#
###.......##
#.......#
#.......###
#.........## .
..# #......()..#
. ...#
#.......)..#
#>...#
####.#.##..#
......
#o@.#..#..#
#.....
..rrc####.#...#
...... ...o.
.#.#...
......... ...⌠.
.#.##..
..............._
..#..........#⌠.
..##....#...#
...###..##..##
....##..##...#


You could see a centaur, 2 orc priests and 2 rats.

Vanquished Creatures
  Robin (D:3)
  5 adders
  A dart slug (D:2)
  2 giant geckos
  10 orcs (D:3)
  13 bats
  4 giant cockroaches
  12 goblins
  10 hobgoblins
  3 jackals (D:3)
  A quokka (D:2)
  2 ball pythons
  4 giant newts
  9 kobolds
  8 rats
85 creatures vanquished.

Notes
Turn   | Place    | Note
--------------------------------------------------------------
     0 | Abyss:1  | Gargoyl the Demonspawn Abyssal Knight began the quest for the Orb.
     0 | Abyss:1  | Reached XP level 1. HP: 18/18 MP: 2/2
    35 | Abyss:3  | Found a corrupted altar of Lugonu.
   115 | Abyss:3  | Noticed a hell knight
   117 | Abyss:3  | Noticed a necromancer
   121 | Abyss:3  | Noticed a starcursed mass
   123 | D:1      | Escaped the Abyss
   223 | D:1      | Reached skill level 1 in Dodging
   265 | D:1      | Reached * piety under Lugonu
   265 | D:1      | Gained mutation: You are slightly more attuned to the shadows. [demonic ancestry]
   265 | D:1      | Reached XP level 2. HP: 20/24 MP: 3/3
  1013 | D:2      | Gained mutation: You have a pair of small antennae on your head. [demonic ancestry]
  1013 | D:2      | Reached XP level 3. HP: 25/29 MP: 4/4
  1569 | D:2      | Reached ** piety under Lugonu
  1678 | D:2      | Reached XP level 4. HP: 26/37 MP: 5/5
  2389 | D:3      | Noticed Robin
  2414 | D:3      | Killed Robin
  2415 | D:3      | Reached *** piety under Lugonu
  2415 | D:3      | Gained mutation: You are significantly more attuned to the shadows. [demonic ancestry]
  2415 | D:3      | Reached XP level 5. HP: 40/42 MP: 6/6
  2418 | D:3      | Reached skill level 4 in Fighting
  2496 | D:3      | Found a sparkling altar of Nemelex Xobeh.
  2497 | D:3      | Noticed a centaur
  2506 | D:3      | HP: 1/63 [orc (3)]
  2508 | D:3      | Slain by a centaur

Skill      XL: |  1  2  3  4  5 |
---------------+----------------+-----
Armour         | 2 3 |  3.5
Dodging        | 1 |  1.4
Axes           | 2 |  2.2
Fighting       | 4 |  4.0
Stealth        | |  0.6
Invocations    | |  2.6

Action                   |  1- 3 |  4- 6 || total
-------------------------+-------+-------++-------
Melee: Hand axe          |   133 |   123 ||   256
Invok: Depart the Abyss  |     1 |       ||     1
  Use: Potion            |       |     3 ||     3
 Stab: Sleeping          |     3 |       ||     3
  Eat: Chunk             |     2 |     4 ||     6
Armor: Leather armour    |    23 |       ||    23
       Plate armour      |   123 |   156 ||   279
Dodge: Dodged            |    65 |    31 ||    96
